 Dungeon Crawl Stone Soup version 0.27-a0-1434-g6f15984924 (webtiles) character file.

Game seed: 17757178460294080124

66 wesbby the Skirmisher (level 3, -9/34 HPs)
             Began as a Minotaur Berserker on July 3, 2021.
             Was a Follower of Trog.
             Killed by divine providence
             ... invoked by an orc priest
              (11 damage)
             ... on level 3 of the Dungeon.
             The game lasted 00:02:57 (1767 turns).

wesbby the Skirmisher (Minotaur Berserker)          Turns: 1767, Time: 00:02:57

Health: -9/34      AC:  1    Str: 22    XL:     3   Next: 96%
Magic:  2/2        EV:  7    Int:  4    God:    Trog [*.....]
Gold:   38         SH:  5    Dex:  9    Spells: 2/2 levels left

rFire    . . .     SeeInvis .   a - +0 spear
rCold    . . .     Faith    .   q - +2 buckler
rNeg     . . .     Spirit   .   r - +0 chain mail
rPois    .         Reflect  .   (helmet restricted)
rElec    .         Harm     .   (no cloak)
rCorr    .         Rampage  .   (no gloves)
Will     .....                  (no boots)
Stlth    ..........             (no amulet)
HPRegen  0.11/turn              (no ring)
MPRegen  0.08/turn              (no ring)

@: corroded, on berserk cooldown, slowed, very slow
A: horns 2, retaliatory headbutt
a: Renounce Religion, Berserk


You were on level 3 of the Dungeon.
You worshipped Trog.
Trog was aware of your devotion.
You visited 1 branch of the dungeon, and saw 3 of its levels.

You collected 101 gold pieces.
You spent 63 gold pieces at shops.

Inventory:

Hand Weapons
 a - a +0 spear (weapon)
Armour
 b - a +0 animal skin
 q - a +2 buckler (worn)
 r - a +0 chain mail (worn)
Scrolls
 c - a scroll of blinking {unknown}
 e - a scroll of teleportation {unknown}
 g - a scroll of amnesia {unknown}
 h - a scroll of vulnerability {unknown}
 i - 2 scrolls of identify {unknown}
 j - a scroll of enchant armour {unknown}
 k - a scroll of enchant weapon {unknown}
 n - a scroll of magic mapping {unknown}
 o - a scroll of fear {unknown}
 p - a scroll of summoning {unknown}
Potions
 d - a potion of ambrosia {unknown}
 f - a potion of resistance {unknown}
 l - a potion of brilliance {unknown}
 m - a potion of mutation {unknown}


   Skills:
 + Level 4.5 Fighting
 + Level 4.4 Polearms
 + Level 3.0 Armour
 + Level 2.6 Dodging
 + Level 0.6 Stealth


You had 2 spell levels left.
You didn't know any spells.
Your spell library was empty.

Dungeon Overview and Level Annotations

Branches:
Dungeon (3/15)

Altars:

Shops:
D:1 =   D:2 [


Innate Abilities, Weirdness & Mutations

You have a pair of horns on your head.
You reflexively headbutt those who attack you in melee.


Message History

You reach to attack!
You hit the jelly.
The jelly is lightly wounded.
You hit the jelly. The acid corrodes you!
Your hands burn!
Your headbutt misses the jelly.
The jelly is moderately wounded.
The jelly barely misses you. You furiously retaliate!
You headbutt the jelly. You hit the jelly.
Your hands burn!
The jelly is heavily wounded.
You block the jelly's attack.
You hit the jelly but do no damage.
Your hands burn!
You headbutt the jelly.
The jelly is heavily wounded.
You block the jelly's attack.
You hit the jelly.
Your hands burn!
The jelly is almost dead.
The jelly hits you. The acid corrodes you!
You are splashed with acid!
A red film seems to cover your vision as you go berserk!
You feel yourself moving faster!
You feel mighty! The jelly barely misses you. You furiously retaliate!
You headbutt the jelly!
You kill the jelly!
Trog accepts your kill.
Your Armour skill increases to level 3!
You feel a strong urge to attack something.
An orc priest comes into view. It is wielding a +0 club.
The orc priest shouts!
You hear a shout!
You see here a lumpy dark potion.
You feel your anger nearly subside. 2 orcs come into view.
The orc shouts!
You hear a shout!
The orc moves out of view.
An orc comes into view. It is wielding a +0 short sword.
You are no longer berserk.
You are exhausted.
You feel yourself slow down.
The orc priest calls down the wrath of Beogh upon you.
Beogh smites you!
* * * LOW HITPOINT WARNING * * *
You hear a shout!
The orc priest invokes the aid of Beogh against you.
Beogh smites you!
You die...

##.....#.# ##..#.##.#
#.##. ##.....#'###.##.
.. ###........#.##.# ..
......)....#.##.# .###
###........#.##.# .!.
#........#.##.###.# ..
#........#.##.....# ....
#.:...........@...#....#
###########.......ooo..o
#...!....#.#..
#........# #........#
#........# #........#
#........# #........#


You could see an orc priest and 2 orcs.

Vanquished Creatures
  A jelly (D:3)
  A dart slug (D:2)
  4 endoplasms
  3 giant cockroaches
  3 hobgoblins
  4 jackals (D:1)
  3 kobolds
  A quokka (D:1)
  4 ball pythons
  2 bats (D:1)
  4 goblins
30 creatures vanquished.

Vanquished Creatures (others)
  3 plants (D:3)
3 creatures vanquished.

Grand Total: 33 creatures vanquished

Notes
Turn   | Place    | Note
-------+----------+-------------------------------------------
     0 | D:1      | wesbby the Minotaur Berserker began the quest for the Orb.
     0 | D:1      | Reached XP level 1. HP: 19/19 MP: 0/0
    16 | D:1      | Found Nawu's Jewellery Shoppe.
   293 | D:1      | Reached XP level 2. HP: 19/27 MP: 1/1
  1350 | D:2      | Reached XP level 3. HP: 29/33 MP: 2/2
  1408 | D:2      | Found Medghun's Armour Shoppe.
  1701 | D:2      | Bought a +0 chain mail for 63 gold pieces
  1767 | D:3      | Killed from afar by an orc priest

Illustrated notes

Levels and vault maps discovered:
D:1:      lemuel_arrival_river_ford, layout_loops_corners, serial_shops,
          nicolae_shop_temple_entry_statues_fountains
D:2:      layout_rooms, serial_shops, shop, lightli_corner_chamber
D:3:      layout_basic, hellmonk_ecumenical_altar_lost_god, serial_bayou_ford_a,
          uniq_grinder, uniq_ijyb

Skill      XL: |  1  2  3 |
---------------+----------+-----
Fighting       | 4 |  4.5
Polearms       | 4 |  4.4
Armour         | 3 |  3.0
Dodging        | |  2.6
Stealth        | |  0.6

Action                   || total
-------------------------++-------
Melee: Spear             ||    77
       Headbutt          ||     9
Invok: Berserk           ||     2
 Stab: Sleeping          ||     4
Armor: Animal skin       ||     8
       Chain mail        ||     2
Dodge: Dodged            ||    21
Block: Buckler           ||     3

Table legend: (Time is in decaauts)
 A = Elapsed time spent in this place.
 B = Non-inter-level travel time spent in this place.
 C = Inter-level travel time spent in this place.
 D = Time resting spent in this place.
 E = Time spent auto-exploring this place.
 F = Levels seen in this place.
 G = Mean time per level.
                   A        B        C        D        E       F      G
               +--------+--------+--------+--------+--------+-----+--------+
         Total |   1773 |   1709 |     64 |    171 |   1363 |   3 |  591.0 |
       Dungeon |   1773 |   1709 |     64 |    171 |   1363 |   3 |  591.0 |
               +--------+--------+--------+--------+--------+-----+--------+

Top non-repeatable levels by time:
     D:1: 1187 daAuts
     D:2: 534 daAuts
     D:3: 50 daAuts
